 Dungeon Crawl Stone Soup version 0.30.1-9-gdf580d7c3d (webtiles) character file.

Game seed: 2332111543795399929

64 Peloso the Shield-Bearer (level 3, -1/33 HPs)
             Began as a Minotaur Fighter on Oct 25, 2023.
             Slain by an orc priest
             ... wielding a +0 mace
              (5 damage)
             ... on level 5 of the Dungeon.
             The game lasted 00:04:49 (1643 turns).

Peloso the Shield-Bearer (Minotaur Fighter)         Turns: 1643, Time: 00:04:50

Health: -1/33      AC:  9    Str: 20    XL:     3   Next: 91%
Magic:  2/2        EV:  8    Int:  5    God:
Gold:   130        SH:  5    Dex: 11    Spells: 2/2 levels left

rFire   x . .        a - +0 long sword
rCold   . . .        d - +0 buckler
rNeg    . . .        c - +0 chain mail
rPois   .            (helmet restricted)
rElec   .            (no cloak)
rCorr   .            (no gloves)
SInv    .            (no boots)
Will    .....        (no amulet) Stlth
                     (no ring)
HPRegen 0.25/turn    (no ring)
MPRegen 0.08/turn

%: no passive effects
@: no status effects
A: horns 2, retaliatory headbutt, heat vulnerability 1
a: no special abilities


You were on level 5 of the Dungeon.
You visited 1 branch of the dungeon, and saw 5 of its levels.

You collected 130 gold pieces.

Inventory:

Hand Weapons
 a - a +0 long sword (weapon)
Missiles
 h - 3 throwing nets (quivered)
Armour
 c - a +0 chain mail (worn)
 d - a +0 buckler (worn)
Magical Staves
 b - a staff of fire
Jewellery
 g - the ring "Hidwanke" {Fly Will++}
   (You found it on level 4 of the Dungeon)

   [ring of flight]

   Fly:       It grants you flight.
   Will:      It greatly increases your willpower.
Scrolls
 i - a scroll of amnesia {unknown}
 k - a scroll of fog {unknown}
Potions
 e - 2 potions of curing
 f - a potion of might
 n - a potion of heal wounds {unknown}


   Skills:
 + Level 4.1 Fighting
 + Level 3.2 Long Blades
 + Level 4.2 Armour
 + Level 0.5 Dodging
 + Level 4.4 Shields


You had 2 spell levels left.
You didn't know any spells.
Your spell library contained the following spells:

 Spells                   Type           Power      Damage    Failure   Level
 Sublimation of Blood     Necr           0%         N/A       100%        2
 Wereblood                Tmut           0%         N/A       100%        2
 Summon Hydra             Summ           0%         N/A       100%        7


Dungeon Overview and Level Annotations

Branches:
Dungeon (5/15)
 Temple: D:4-7

Altars:


Innate Abilities, Weirdness & Mutations

You have a pair of horns on your head.
You reflexively headbutt those who attack you in melee.
You are vulnerable to heat. (rF-)


Message History

You headbutt the orc wizard.
The orc wizard is lightly wounded.
The orc wizard hits you but does no damage.
The orc priest hits you with a +0 mace.
You hit the orc wizard.
The orc wizard is moderately wounded.
The orc wizard hits you but does no damage.
The orc priest hits you but does no damage.
You hit the orc wizard but do no damage.
The orc wizard is moderately wounded.
The orc wizard hits you but does no damage.
The orc priest calls down the wrath of Beogh upon you.
Pain shoots through your body! The orc priest hits you with a +0 mace.
The orc wizard barely misses you.
You miss the orc wizard.
The orc wizard is moderately wounded.
The orc wizard hits you but does no damage.
The orc priest hits you but does no damage.
You hit the orc wizard but do no damage.
You headbutt the orc wizard!
The orc wizard is severely wounded.
The orc wizard hits you but does no damage.
The orc priest hits you with a +0 mace.
You closely miss the orc wizard.
The orc wizard is severely wounded.
The orc wizard barely misses you. The orc priest hits you with a +0 mace.
* * * LOW HITPOINT WARNING * * *
You hit the orc wizard.
The orc wizard is almost dead.
The orc wizard gestures at you while chanting.
The puff of flame misses you. The orc priest closely misses you.
You furiously retaliate!
You headbutt the orc priest. The orc priest hits you with a +0 mace.
* * * LOW HITPOINT WARNING * * *
The orc wizard gestures at you while chanting.
The puff of flame hits you but does no damage.
You hit the orc wizard.
You kill the orc wizard!
The orc priest hits you with a +0 mace.
You die...

.# .#
##.# ...#
### #..#
#>?.##..#
#...{o).#
#@# #.#
#)# #.#
#.# #.#
#.# #.#
#.#


You could see an orc priest.

Vanquished Creatures
  An orc wizard (D:5)
  An adder (D:2)
  2 dart slugs (D:1)
  A worm (D:2)
  An orc (D:5)
  4 ball pythons
  5 bats
  5 endoplasms
  A giant cockroach (D:2)
  6 goblins
  5 hobgoblins
  2 quokkas
  7 frilled lizards
  A kobold (D:2)
  8 rats
50 creatures vanquished.

Notes
Turn   | Place    | Note
-------+----------+-------------------------------------------
     0 | D:1      | Peloso the Minotaur Fighter began the quest for the Orb.
     0 | D:1      | Reached XP level 1. HP: 19/19 MP: 0/0
    81 | D:1      | Reached XP level 2. HP: 27/27 MP: 1/1
   429 | D:2      | Reached XP level 3. HP: 33/33 MP: 2/2
   496 | D:2      | Identified the +2 pair of boots of Tulips {rN+ rCorr
                  | Slay-4}
  1340 | D:3      | You fall into a shaft and drop 1 floor!
  1369 | D:4      | Gained mutation: You have large cloven feet. [potion of
                  | mutation]
  1369 | D:4      | Gained mutation: You occasionally lose the ability to drink
                  | potions when taking damage. [potion of mutation]
  1369 | D:4      | Gained mutation: Your mind is acute. (Int +4, Str/Dex -1)
                  | [potion of mutation]
  1370 | D:4      | Lost mutation: You have large cloven feet. [potion of
                  | mutation]
  1370 | D:4      | Lost mutation: You occasionally lose the ability to drink
                  | potions when taking damage. [potion of mutation]
  1370 | D:4      | Gained mutation: Your spells are a little easier to cast,
                  | but a little less powerful. [potion of mutation]
  1370 | D:4      | Gained mutation: You occasionally shout uncontrollably at
                  | your foes. [potion of mutation]
  1599 | D:4      | Lost mutation: Your spells are a little easier to cast, but
                  | a little less powerful. [potion of mutation]
  1599 | D:4      | Lost mutation: Your mind is acute. (Int +4, Str/Dex -1)
                  | [potion of mutation]
  1599 | D:4      | Gained mutation: You are vulnerable to heat. (rF-) [potion
                  | of mutation]
  1599 | D:4      | Lost mutation: You occasionally shout uncontrollably at
                  | your foes. [potion of mutation]
  1611 | D:4      | Identified the ring "Hidwanke" {Fly Will++}
  1615 | D:5      | Entered Level 5 of the Dungeon
  1643 | D:5      | Slain by an orc priest

Illustrated notes

Levels and vault maps discovered:
D:1:      dpeg_arrival_solitude, layout_rooms
D:2:      layout_basic, moated_statue, minmay_lizard_pond
D:3:      layout_basic
D:4:      layout_rooms, minitemple, sigmund_army
D:5:      minmay_diamond_boxcup, layout_loops_ring, minmay_temple_entry_mist,
          minmay_misc_feat_four_crosses, guppyfry_early_orc_mine

Skill      XL: |  1  2  3 |
---------------+----------+-----
Shields        | 4 |  4.4
Armour         | 4 |  4.2
Fighting       | 4 |  4.1
Long Blades    | 3 |  3.2
Dodging        | |  0.5

Action                     || total
---------------------------++-------
  Melee: Long sword        ||   108
         Headbutt          ||    16
    Use: Scroll            ||     4
         Potion            ||     5
 Armour: Scale mail        ||     5
         Chain mail        ||    57
  Dodge: Dodged            ||    48
  Block: Buckler           ||    31
